Mecha, lawful female dwarven Archeologist -- --.----- |....|^--.. --@.........- --d.h.......... ...[.).......G. ----.....G.... |......G.. ---........ |.^....... - --..--. |..| --..-- |...<| --...| |..-- ---- Mecha the Field Worker Experience level: 4 Strength: 17 Dexterity: 9 Constitution: 10 Intelligence: 14 Wisdom: 16 Charisma: 9 Health: 0(40) Energy: 6(6) Def: 2 Gold: 251 Moves: 1221 Dungeon seed: MB6ULIPjjEQT-3dr Game ID: Mecha_1479152529 Your Inventory: Coins $ - 251 gold pieces Weapons a - a +2 bullwhip h - 2 cursed +0 darts (in quiver) k - 11 +0 darts Armor e - an uncursed +0 leather jacket (being worn) r - an uncursed +0 orcish helm (being worn) Comestibles b - 5 uncursed food rations j - an uncursed egg Potions i - a blessed potion of sickness Tools c - a +0 pick-axe (weapon in hand) d - a tinning kit (0:30) f - an uncursed sack g - an uncursed oil lamp (lit) (0:1188) l - an uncursed tin whistle m - an uncursed tin opener o - an uncursed tallow candle (0:200) p - a can of grease (0:21) Gems n - 2 uncursed amethyst stones q - an uncursed touchstone Spells and supernatural/magical abilities: Name Level Category Fail Memory W - pray for help -- divine ? -- Your skills at the end: Fighting Skills Weapon Skills pick-axe [Basic] whip [Basic] Spellcasting Skills Final Attributes: You were piously aligned. You had infravision. You were stealthy. You were fast. You were lucky. You are dead. Vanquished creatures: 2 gnome lords a hobbit 2 giant rats 5 gnomes 4 garter snakes 3 geckos 6 jackals a fox a kobold 4 goblins a sewer rat 4 grid bugs 2 bats 2 lichens 2 newts 40 creatures vanquished. Voluntary challenges: You were an atheist. You used a wielded weapon 41 times, starting on turn 32. You read items or engraved 1 time, starting on turn 1215. You never genocided any monsters. You never polymorphed an object. You never changed form. You used no wishes. You never split a pudding. You never wrote Elbereth's name. You violated your moral code, losing 2 points of alignment, starting on turn 1038. Dungeon overview: The Dungeons of Doom: levels 1 to 2 Level 1 a long staircase Level 2 a sink stairs to The Gnomish Mines The Gnomish Mines: levels 3 to 4 Level 3 stairs to The Dungeons of Doom Level 4 <- You were here History has recorded: On T:1 you entered the Dungeons of Doom to retrieve the Amulet of Yendor! On T:249 you advanced to experience level 2. On T:470 you reached level 2 of The Dungeons of Doom. On T:609 you advanced to experience level 3. On T:889 you reached level 1 of The Gnomish Mines. On T:1054 you advanced to experience level 4. On T:1186 you reached level 2 of The Gnomish Mines. Score breakdown: Gold: 251 ( 8168 points) Experience: 4 levels ( 9649 points) Exploration: 4 levels ( 8.00%) ( 7423 points) Discoveries: 5 items ( 1.72%) ( 3932 points) Valuables value: (no points given unless you survive) Artifact value: 0 ( 0 points) Variety of kills: 15 monsters ( 3.94%) ( 5952 points) Turncount: 1221 turns ( 0 points) Survival: died (score multiplied by 80%) Total score: 28099 Latest messages: You hit the mind flayer. You hit the mind flayer! The mind flayer zaps a glass wand! The magic missile hits you! The magic missile bounces! (2x) You hit the mind flayer! The mind flayer zaps a wand of magic missile! The magic missile hits you! The magic missile bounces! (2x) The magic missile hits ÓãA! You miss the mind flayer. You hit the mind flayer. The mind flayer zaps a wand of magic missile! The magic missile hits you! The magic missile bounces! You miss the mind flayer. The mind flayer zaps a wand of magic missile! The magic missile hits you! You hear the wailing of the Banshee... The magic missile bounces! (2x) You miss the mind flayer. The mind flayer zaps a wand of magic missile! The magic missile hits you! You die... The sack is empty. Final status: Goodbye Mecha the Archeologist, killed by a magic missile... You died in The Gnomish Mines on dungeon level 4 with 28099 points, and 251 pieces of gold, after 1221 moves. You were level 4 with a maximum of 40 hit points when you died.